 Dungeon Crawl Stone Soup version 0.26-a0-1060-g086102a3f0 (webtiles) character file.

Game seed: 11479761157107999635

135 Dracia the Chiller (level 5, -3/35 HPs)
             Began as a Merfolk Ice Elementalist on Dec 13, 2020.
             Killed by nerve-wracking pain
             ... invoked by Jessica
              (14 damage)
             ... on level 3 of the Dungeon.
             The game lasted 00:04:40 (3045 turns).

Dracia the Chiller (Merfolk Ice Elementalist)       Turns: 3045, Time: 00:04:41

Health: -3/35      AC:  3    Str: 10    XL:     5   Next: 18%
Magic:  7/10       EV: 12    Int: 14    God:
Gold:   107        SH:  0    Dex: 14    Spells: 6/10 levels left

rFire    . . .     SeeInvis .   l - +0 spear
rCold    . . .     Faith    .   (no shield)
rNeg     . . .     Spirit   .   e - +0 leather armour
rPois    .         Reflect  .   (no helmet)
rElec    .         Harm     .   (no cloak)
rCorr    .         Rampage  .   (no gloves)
Will     .....                  (no boots)
Stlth    +++.......             (no amulet)
HPRegen  0.11/turn              Q - ring of stealth
MPRegen  0.12/turn              (no ring)

@: frozen ramparts
A: change form in water, swift swim, stealthy swim
a: no special abilities


You were on level 3 of the Dungeon.
You visited 1 branch of the dungeon, and saw 3 of its levels.

You collected 107 gold pieces.


   Skills:
 + Level 2.9 Polearms
 - Level 2.6 Dodging
 - Level 2.1 Stealth
 + Level 3.3 Spellcasting
 + Level 5.4 Ice Magic


You had 6 spell levels left.
You knew the following spells:

 Your Spells              Type           Power        Failure   Level
r - Frozen Ramparts       Ice            ###...       9%          3
z - Freeze                Ice            ###.         3%          1

Your spell library contained the following spells:

 Spells                   Type           Power        Failure   Level
 Ozocubu's Armour         Ice            ###.....     9%          3
 Hailstorm                Conj/Ice       ##......     65%         4
 Summon Ice Beast         Ice/Summ       ##......     65%         4

Inventory:

Hand Weapons
 b - a +0 dagger
 l - a +0 spear (weapon)
Missiles
 n - 41 poisoned darts
Armour
 a - a +0 robe
 e - a +0 leather armour (worn)
Jewellery
 Q - a ring of stealth (left hand)
Scrolls
 d - a scroll of enchant weapon {unknown}
 f - 4 scrolls of remove curse {@r2@r2}
 h - 4 scrolls of identify {@r1@r1}
 i - a scroll of magic mapping
Potions
 c - 3 potions of degeneration
 g - a potion of haste {unknown}
 j - a potion of ambrosia {unknown}
 k - a potion of magic {unknown}
 m - a potion of curing {unknown}
 o - a potion of might {unknown}
 p - a potion of mutation {unknown}
 q - 2 potions of lignification {unknown}

Dungeon Overview and Level Annotations

Branches:
Dungeon (3/15)

Altars:
Makhleb
Xom
The Shining One

Portals:
Sewer: D:3

Annotations:
D:2 Sigmund
D:3 Jessica

#.#...........# #
#.........$...#
#,#........####
#.#........#********
#.#§†).........,,,,,
###.#††#..........,,,,
###.....#l..#.!......,,,
#.......#B≈≈#........,,,
#....@.@#≈≈≈##.......,,,
#.......#≈≈≈#*.......,,,
#.......#≈≈≈#*.....,,,,,
#.......#≈∩≈#**********,
#.......#≈≈≈* *,
#.......#≈≈≈* *,
#######.#≈≈≈* *, #.#≈≈≈*
*, *,*,,,* *,


You could see Jessica (fast).


Message History

The leopard gecko bites you.
* * * LOW HITPOINT WARNING * * *
The leopard gecko bites you.
* * * LOW HITPOINT WARNING * * *
Jessica casts a spell.
Jessica seems to speed up.
Casting: Freeze (safe; 3% risk of failure)
Confirm with . or Enter, or press ? or * to list all spells.
Casting: Frozen Ramparts (dangerous; 9% risk of failure)
Press: ? - help, Dir - look around The walls around you are covered in ice.
The wall freezes the leopard gecko.
The leopard gecko seems to slow down.
The leopard gecko misses you.
The wall freezes the giant cockroach.
The wall freezes the leopard gecko.
The leopard gecko seems to slow down.
The leopard gecko bites you.
* * * LOW HITPOINT WARNING * * *
The wall freezes Jessica.
The wall freezes the leopard gecko.
The leopard gecko seems to slow down.
The leopard gecko barely misses you.
The wall freezes the giant cockroach.
The wall freezes Jessica.
Jessica mumbles some strange words.
Jessica blinks!
The wall freezes the leopard gecko!
You kill the leopard gecko!
The wall freezes the giant cockroach.
You kill the giant cockroach!
The wall freezes the leopard gecko.
You kill the leopard gecko!
Jessica gestures wildly.
Jessica casts a spell at you. Pain shoots through your body!
You die...

Skill      XL: |  1  2  3 |
---------------+----------+-----
Ice Magic      | 5 |  5.4
Polearms       | 2 |  2.9
Spellcasting   | 3 |  3.3
Dodging        | |  2.6
Stealth        | |  2.1

Action                   |  1- 3 |  4- 6 || total
-------------------------+-------+-------++-------
Melee: Unarmed           |     7 |       ||     7
       Dagger            |    34 |       ||    34
       Spear             |    21 |    43 ||    64
 Cast: Freeze            |    34 |    13 ||    47
       Frozen Ramparts   |       |     1 ||     1
  Use: Scroll            |       |     3 ||     3
 Stab: Sleeping          |     6 |     6 ||    12
Armor: Robe              |     3 |       ||     3
       Leather armour    |    10 |     7 ||    17
Dodge: Dodged            |    44 |    34 ||    78

Levels and vault maps discovered:
D:1:      lightli_arrival_isolated_outpost, layout_basic
D:2:      layout_loops_corners, doesnt_xom_only_xom, uniq_crazy_yiuf_cottage,
          uniq_sigmund, uniq_natasha
D:3:      layout_basic, portal_sewer_entry_f, uniq_jessica

Notes
Turn   | Place    | Note
-------+----------+-------------------------------------------
     0 | D:1      | Dracia the Merfolk Ice Elementalist began the quest for the
                  | Orb.
     0 | D:1      | Reached XP level 1. HP: 13/13 MP: 3/3
   245 | D:1      | Reached XP level 2. HP: 19/19 MP: 3/5
   842 | D:1      | Reached XP level 3. HP: 21/24 MP: 6/6
  1210 | D:2      | Reached skill level 5 in Ice Magic
  1389 | D:2      | Learned a level 3 spell: Frozen Ramparts
  1443 | D:2      | Found a basalt altar of Yredelemnul.
  1445 | D:2      | Found a shimmering altar of Xom.
  1445 | D:2      | Found a glowing silver altar of Zin.
  1447 | D:2      | Found a shimmering altar of Xom.
  1447 | D:2      | Found a glowing golden altar of the Shining One.
  1447 | D:2      | Found a burning altar of Makhleb.
  1553 | D:2      | Reached skill level 1 in Polearms
  1881 | D:2      | Noticed Natasha
  1888 | D:2      | Killed Natasha
  1889 | D:2      | Reached skill level 2 in Polearms
  1889 | D:2      | Reached skill level 3 in Spellcasting
  1889 | D:2      | Reached XP level 4. HP: 14/30 MP: 3/8
  2246 | D:2      | Noticed Sigmund
  2630 | D:3      | Reached XP level 5. HP: 35/35 MP: 9/9
  3028 | D:3      | Noticed Jessica
  3038 | D:3      | Found a glowing drain.
  3045 | D:3      | Killed from afar by Jessica

Vanquished Creatures
  Natasha (D:2)
  6 adders
  An ooze (D:2)
  A worm (D:2)
  2 dart slugs (D:1)
  2 leopard geckos (D:3)
  A ball python (D:3)
  3 bats
  3 giant cockroaches
  9 goblins
  3 hobgoblins
  3 jackals (D:1)
  A quokka (D:2)
  A frilled lizard (D:3)
  5 kobolds
  5 rats
47 creatures vanquished.

Table legend: (Time is in decaauts)
 A = Elapsed time spent in this place.
 B = Non-inter-level travel time spent in this place.
 C = Inter-level travel time spent in this place.
 D = Time resting spent in this place.
 E = Time spent auto-exploring this place.
 F = Levels seen in this place.
 G = Mean time per level.
                   A        B        C        D        E       F      G
               +--------+--------+--------+--------+--------+-----+--------+
         Total |   3032 |   2951 |     81 |    273 |   2265 |   3 | 1010.7 |
       Dungeon |   3032 |   2951 |     81 |    273 |   2265 |   3 | 1010.7 |
               +--------+--------+--------+--------+--------+-----+--------+

Top non-repeatable levels by time:
     D:2: 1417 daAuts
     D:1: 1182 daAuts
     D:3: 432 daAuts

Table legend:
 A = Non-vault XP
 B = Vault XP
 C = Vault XP percentage of total XP
 D = Non-vault monster count
 E = Vault monster count
 F = Vault count percentage of total count
                 A         B        C        D         E       F
            +---------+---------+-------+---------+---------+-------
      Total |     153 |      43 |  21.9 |      43 |       4 |   8.5
            +---------+---------+-------+---------+---------+-------
        D:1 |      37 |       0 |   0.0 |      18 |       0 |   0.0
        D:2 |      92 |      35 |  27.6 |      16 |       1 |   5.9
        D:3 |      24 |       8 |  25.0 |       9 |       3 |  25.0
            +---------+---------+-------+---------+---------+-------
